 Dungeon Crawl Stone Soup version 0.28.0-43-g3370ac3207 (webtiles) character file.

Game seed: 8835331143265493054

2011 pkoi the Martial Artist (level 9, 0/74 HPs)
             Began as a Black Draconian Monk on Mar 1, 2022.
             Was an Elder of Okawaru.
             Slain by a slime creature (10 damage)
             ... on level 7 of the Dungeon.
             The game lasted 00:09:17 (7862 turns).

pkoi the Martial Artist (Black Draconian Monk)      Turns: 7862, Time: 00:09:18

Health: 0/74       AC:  8    Str: 14    XL:     9   Next: 2%
Magic:  0/12       EV: 13    Int: 14    God:    Okawaru [****..]
Gold:   401        SH:  0    Dex: 14    Spells: 8/8 levels left

rFire   . . .      SeeInvis .     - Unarmed
rCold   + . .      Faith    .   (no shield)
rNeg    . . .      Spirit   +   (armour unavailable)
rPois   .          Reflect  .   (helmet restricted)
rElec   +          Harm     .   r - +0 cloak
rCorr   .          Rampage  .   (no gloves)
Will    .....                   (no boots)
Stlth   ++........              d - amulet of guardian spirit
HPRegen 0.22/turn               n - ring of protection from cold
MPRegen 0.13/turn               (no ring)

@: no status effects
A: breathe lightning, AC +7, unfitting armour, electricity resistance,
cold-blooded
a: Breathe Lightning, Renounce Religion, Heroism, Finesse


You were on level 7 of the Dungeon.
You worshipped Okawaru.
Okawaru was greatly pleased with you.
You visited 2 branches of the dungeon, and saw 9 of its levels.

You collected 401 gold pieces.

Inventory:

Hand Weapons
 a - a +0 dagger
 l - a +0 dagger of draining
 s - the +6 dire flail of Harhenno {vorpal, *Slow rN+ Dex+4}
   (You found it on level 5 of the Dungeon)

   It inflicts extra damage upon your enemies.
   Dex:       It affects your dexterity (+4).
   rN:        It protects you from negative energy.
   *Slow:     It may slow you when you take damage.
Missiles
 t - 3 throwing nets (quivered)
Armour
 r - a +0 cloak (worn)
Jewellery
 c - a +6 ring of intelligence
 d - an amulet of guardian spirit (around neck)
 n - a ring of protection from cold (left hand)
 p - a ring of ice
Wands
 m - a wand of mindburst (12)
 q - a wand of paralysis (11)
Scrolls
 f - a scroll of blinking
Potions
 b - 6 potions of curing
 e - 2 potions of might
 g - a potion of resistance
 i - 4 potions of berserk rage {unknown}
 j - a potion of flight
 k - a potion of brilliance
 v - a potion of ambrosia {unknown}


   Skills:
 + Level 5.3 Fighting
 + Level 4.4 Dodging
 - Level 1.7 Stealth
 * Level 9.3 Unarmed Combat
 + Level 5.2 Invocations
 + Level 2.4 Evocations


You had 8 spell levels left.
You didn't know any spells.
Your spell library contained the following spells:

 Spells                   Type           Power      Damage    Failure   Level
 Magic Dart               Conj           0%         1d3       28%         1
 Slow                     Hex            0%         N/A       28%         1
 Blink                    Tloc           0%         N/A       41%         2
 Confusing Touch          Hex            0%         N/A       65%         3
 Lesser Beckoning         Tloc           0%         N/A       65%         3
 Mephitic Cloud           Conj/Pois/Air  0%         N/A       65%         3
 Portal Projectile        Hex/Tloc       0%         N/A       65%         3
 Vampiric Draining        Necr           0%         2d6       65%         3
 Leda's Liquefaction      Hex/Erth       0%         N/A       96%         4
 Manifold Assault         Tloc           0%         N/A       100%        5
 Call Imp                 Summ           Unusable   N/A       N/A         2
 Call Canine Familiar     Summ           Unusable   N/A       N/A         3

Dungeon Overview and Level Annotations

Branches:
Dungeon (8/15)             Temple (1/1) D:4
   Lair: D:8-11

Altars:
Cheibriados
Elyvilon
Fedhas
Gozag
Kikubaaqudgha
Nemelex Xobeh
Okawaru
Qazlal
Ru
Uskayaw
Vehumet
Yredelemnul
The Shining One

Shops:
D:3 ?

Annotations:
D:5 1 runed translucent door, JJisdabomb's ghost, novice DsFi
D:6 Sigmund


Innate Abilities, Weirdness & Mutations

You can breathe wild blasts of lightning.
Your glossy black scales are hard. (AC +7)
You cannot fit into any form of body armour.
You are resistant to electric shocks. (rElec)
You are cold-blooded and may be slowed by cold attacks.


Message History

A slime creature is nearby!
A slime creature comes into view.
There is a stone staircase leading up here.
The slime creature hits you but does no damage.
You climb upwards.
There is a stone staircase leading down here.
You hit the slime creature.
The slime creature is lightly wounded.
The slime creature hits you!
You hit the slime creature.
The slime creature is lightly wounded.
The slime creature hits you!
* * * LOW HITPOINT WARNING * * *
You punch the slime creature!
Your tail-slap misses the slime creature.
The slime creature is moderately wounded.
The slime creature hits you.
* * * LOW HITPOINT WARNING * * *
You hit the slime creature but do no damage.
The slime creature is lightly wounded.
The slime creature hits you!
* * * LOW HITPOINT WARNING * * *
You punch the slime creature!
The slime creature is moderately wounded.
You hit the slime creature.
The slime creature is moderately wounded.
The slime creature hits you.
* * * LOW HITPOINT WARNING * * *
You punch the slime creature!
The slime creature is heavily wounded.
The slime creature hits you!!
* * * LOW HITPOINT WARNING * * *
You completely miss the slime creature.
The slime creature is heavily wounded.
The slime creature hits you!
* * * LOW HITPOINT WARNING * * *
You punch the slime creature!
The slime creature is severely wounded.
The slime creature hits you!
You die...

#.......##..............##
#....................##..########
.....................###.....)...
.#...................[.....##.##.
.##..................##.##.#...#.
.##........#.........#...#|......
.........###..##...............#.
.......### ##.##.....#...##.#.##.
........####..#J@.#..##...###....
..................#......###...##
.......#..###.........##.#.##...#
.....##..## #..###....#..........
.##......## #.## ###........#...#
.###......# #.## ##.#...#.##.##
## ##..#..###..## #..##.##......
## #..#..##....####.............
.## #..#.....#...##......##......


You could see a slime creature.

Vanquished Creatures
  Harold (D:7)
  An ice beast (D:6)
  A sky beast (D:7)
  An ogre (D:4)
  Blork the orc (D:4)
  A wyvern zombie (D:6)
  2 water moccasin zombies
  A water moccasin skeleton (D:5)
  6 killer bees
  Crazy Yiuf (D:4)
  A gnoll shaman (D:4)
  A jelly (D:6)
  3 hounds
  An iguana (D:4)
  An orc wizard (D:4)
  Natasha (thrice) (D:4)
  A howler monkey zombie (D:5)
  Robin (D:2)
  4 gnolls
  A howler monkey skeleton (D:7)
  8 adders
  A white imp (D:6)
  An ufetubus (D:4)
  2 worms
  A dart slug (D:2)
  13 orcs
  5 bats
  5 endoplasms
  2 giant cockroaches
  15 goblins
  7 hobgoblins
  4 jackals (D:4)
  6 kobolds
  5 quokkas
  7 ball pythons
  2 frilled lizards (D:2)
  A rat (D:2)
118 creatures vanquished.

Vanquished Creatures (others)
  4 fungi (D:4)
  10 plants (D:3)
14 creatures vanquished.

Grand Total: 132 creatures vanquished

Notes
Turn   | Place    | Note
-------+----------+-------------------------------------------
     0 | D:1      | pkoi the Draconian Monk began the quest for the Orb.
     0 | D:1      | Reached XP level 1. HP: 19/19 MP: 1/1
   226 | D:1      | Reached XP level 2. HP: 22/26 MP: 2/2
   435 | D:1      | Found a faded altar of an unknown god.
   908 | D:2      | Reached skill level 4 in Unarmed Combat
   912 | D:2      | Noticed Robin
  1227 | D:2      | Reached XP level 3. HP: 25/31 MP: 3/3
  1235 | D:2      | Killed Robin
  1947 | D:2      | Reached XP level 4. HP: 38/38 MP: 4/4
  2071 | D:2      | Reached skill level 5 in Unarmed Combat
  2842 | D:3      | Found Veiran's Magic Scroll Shop.
  2955 | D:3      | Found a basalt altar of Yredelemnul.
  3256 | D:4      | Noticed Blork the orc
  3422 | D:4      | Found a staircase to the Ecumenical Temple.
  3429 | D:4      | Reached XP level 5. HP: 45/45 MP: 5/5
  3432 | Temple   | Entered the Ecumenical Temple
  3440 | Temple   | Became a worshipper of Warmaster Okawaru
  3440 | Temple   | Reached * piety under Okawaru
  3440 | Temple   | Reached ** piety under Okawaru
  3502 | D:4      | Found an ancient bone altar of Kikubaaqudgha.
  3503 | D:4      | Found a sacrificial altar of Ru.
  3509 | D:4      | Found a glowing golden altar of the Shining One.
  3510 | D:4      | Found a hide-covered altar of Uskayaw.
  3512 | D:4      | Found a sparkling altar of Nemelex Xobeh.
  3512 | D:4      | Found a blossoming altar of Fedhas.
  3513 | D:4      | Found a white marble altar of Elyvilon.
  3517 | D:4      | Found a stormy altar of Qazlal.
  3520 | D:4      | Found an opulent altar of Gozag.
  3669 | D:4      | Noticed Natasha
  3681 | D:4      | Killed Natasha
  3682 | D:4      | Reached skill level 6 in Unarmed Combat
  3848 | D:4      | Found a runed translucent door.
  3849 | D:4      | Noticed Crazy Yiuf
  3924 | D:4      | Killed Blork the orc
  3925 | D:4      | Reached skill level 1 in Invocations
  4146 | D:4      | Reached XP level 6. HP: 48/51 MP: 4/7
  4270 | D:4      | Noticed Natasha
  4278 | D:4      | Killed Natasha
  4308 | D:4      | Killed Crazy Yiuf
  4344 | D:5      | Entered Level 5 of the Dungeon
  4374 | D:5      | Identified the +6 dire flail of Harhenno {vorpal, *Slow rN+
                  | Dex+4}
  4444 | D:5      | Found a runed translucent door.
  4452 | D:5      | Noticed JJisdabomb's ghost (novice DsFi)
  4478 | D:4      | Noticed Natasha
  4487 | D:4      | Killed Natasha
  4803 | D:5      | Reached skill level 7 in Unarmed Combat
  4836 | D:5      | Your scales start taking on a glossy black colour.
  4836 | D:5      | Reached XP level 7. HP: 47/57 MP: 6/9
  4836 | D:5      | Gained mutation: You are resistant to electric shocks.
                  | (rElec) [Black Draconian growth]
  5699 | D:6      | Reached skill level 8 in Unarmed Combat
  5701 | D:6      | Noticed Sigmund
  6005 | D:6      | Reached *** piety under Okawaru
  6162 | D:6      | Reached XP level 8. HP: 66/66 MP: 11/11
  7150 | D:7      | Noticed Harold
  7157 | D:7      | HP: 1/67 [Harold/+0 trident (12)]
  7167 | D:7      | Killed Harold
  7167 | D:7      | Reached **** piety under Okawaru
  7168 | D:7      | Reached skill level 5 in Fighting
  7168 | D:7      | Reached skill level 9 in Unarmed Combat
  7168 | D:7      | Reached skill level 5 in Invocations
  7168 | D:7      | Reached XP level 9. HP: 27/74 MP: 1/12
  7862 | D:7      | Slain by a slime creature

Illustrated notes

Levels and vault maps discovered:
D:1:      minmay_arrival_diagonal_passages, layout_rooms,
          hellmonk_ecumenical_altar_pennies_from_heaven
D:2:      layout_rooms, minmay_misc_feat_doors, minmay_crystal_room,
          serial_bayou_pond_e, st_stairs_12, uniq_robin
D:3:      layout_basic, mainiacjoe_overflow_alcove_4, serial_bayou,
          serial_bayou_lake_a, serial_bayou_shore_a, serial_bayou_shore_b,
          serial_bayou_crossing, serial_shops, nicolae_shop_behind_doors,
          hangedman_decor_push
D:4:      layout_basic, nicolae_overflow_hallway_of_the_gods,
          minmay_temple_entry_drinking_statues, uniq_blork_the_orc,
          uniq_natasha, uniq_crazy_yiuf_cottage
D:5:      layout_cave_pools, ebering_ghost_reflecting_pool
D:6:      layout_cave_pools, uniq_sigmund
D:7:      layout_layer_cave, hangedman_decor_clover_reticule, uniq_harold
D:8:      layout_rooms, nicolae_transmutations_shop
Temple:   dpeg_three_leaves_temple

Skill      XL: |  1  2  3  4  5  6  7  8 |
---------------+-------------------------+-----
Unarmed Combat | 4 5 6 7 8 9 |  9.3
Invocations    | 1 3 4 5 |  5.2
Dodging        | 3 4 |  4.4
Fighting       | 4 5 |  5.3
Evocations     | 2 |  2.4
Stealth        | |  1.7

Action                   |  1- 3 |  4- 6 |  7- 9 || total
-------------------------+-------+-------+-------++-------
Melee: Unarmed           |   113 |   163 |   182 ||   458
       Tailslap          |    13 |    24 |    21 ||    58
       Punch             |     4 |     7 |     9 ||    20
       Dire flail        |       |     4 |       ||     4
Invok: Heroism           |       |     4 |     1 ||     5
 Abil: Breathe Lightning |       |       |     5 ||     5
  Use: Scroll            |       |     6 |     6 ||    12
       Potion            |       |     4 |     3 ||     7
 Stab: Sleeping          |     3 |     5 |       ||     8
Armor: Skin              |    30 |    33 |    68 ||   131
Dodge: Dodged            |    68 |   108 |   139 ||   315
